Construct Infanterie Kompanie
Construct Luftwaffe Kompanie
Flak 30 Anti-aircraft Gun Team
Construct Panzergrenadier Kompanie
Marder III M Tank Destroyer
Flak 30 Anti-aircraft Gun Team
Selects Breakthrough Battlegroup
Selects 2.5-tonne Cargo Truck
Selects Assault Grenadiers
Selects Panzer IV Command Tank Sd.Kfz. 161/1
Marder III M Tank Destroyer
Selects Mechanized Assault Group
Marder III M Tank Destroyer
Marder III M Tank Destroyer